[Event "fics rated crazyhouse match"]
[Site "fics, Oklahoma City, OK USA"]
[Date "2000.03.01"]
[White "pminear"]
[WhiteElo "2429"]
[Black "Tecumseh"]
[BlackElo "2279"]
[TimeControl "60+0"]
[Result "1-0"]

1. e4 Nc6 2. d4 Nf6 3. Nc3 d5 4. exd5 Nxd5 5. Nxd5 Qxd5 6. Nf3 
Bg4 7. Be2 Rd8 8. N@e3 Bxf3 9. Bxf3 Qxd4 10. Bxc6+ bxc6 11. Qxd4 Rxd4 
12. B@h3 e6 13. N@f3 N@f4 14. Nxd4 B@a5+ 15. P@c3 Nxh3 16. R@c8+ B@d8 17. Rxd8+ 
Kxd8 18. Nxc6+ Kd7 19. B@e8+ Kc8 20. Q@b8# 
{Tecumseh checkmated} 1-0

[Event "fics rated crazyhouse match"]
[Site "fics, Oklahoma City, OK USA"]
[Date "2000.03.01"]
[White "Tecumseh"]
[WhiteElo "2274"]
[Black "pminear"]
[BlackElo "2434"]
[TimeControl "60+0"]
[Result "1-0"]

1. e4 e5 2. d4 exd4 3. Nf3 Bc5 4. Nxd4 Qf6 5. Nf5 P@e6 6. P@d4 
exf5 7. dxc5 fxe4 8. B@g5 Qe5 9. Bcf4 Qxc5 10. Nc3 N@e6 11. Nxe4 Qb4+ 
12. Nc3 Nxf4 13. Bxf4 Qxf4 14. Nd5 P@d2+ 15. Qxd2 Qxd2+ 16. Kxd2 B@a5+ 17. P@c3 
B@g5+ 18. P@e3 Q@d4+ 19. Q@d3 Qxd3+ 20. Bxd3 P@e6 21. N@h5 exd5 22. Nxg7+ Kf8 
23. Q@e8+ Kxg7 24. h4 N@e4+ 25. Bxe4 N@c4+ 26. Ke1 Q@d2+ 27. Kf1 Nxe3+ 28. fxe3 
P@e2+ 29. Kg1 Bxe3+ 30. Kh2 Bf4+ 31. P@g3 Bxg3+ 32. Kxg3 P@f4+ 33. Kh3 d6+ 
34. B@f5 Bxf5+ 35. Bxf5 Qe3+ 36. B@f3 Nd7 37. N@h5+ Kh6 38. N@g4+ Kxh5 39. Nf6+ 
Kh6 40. Ng4+ Kg7 41. Ne5 Kf6 42. Qxf7# 
{pminear forfeits on time} 1-0

[Event "fics rated crazyhouse match"]
[Site "fics, Oklahoma City, OK USA"]
[Date "2000.03.01"]
[White "pminear"]
[WhiteElo "2423"]
[Black "Tecumseh"]
[BlackElo "2285"]
[TimeControl "60+0"]
[Result "0-1"]

1. e4 Nc6 2. d4 Nf6 3. Nc3 d5 4. exd5 Nxd5 5. Nf3 e6 6. Bb5 
Bb4 7. Bd2 Bxc3 8. bxc3 N@f4 9. B@f1 Bd7 10. Bxc6 Bxc6 11. N@e5 B@e4 
12. Nxc6 bxc6 13. P@d3 Bxf3 14. Qxf3 N@a3 15. B@a4 P@b2 16. Rd1 Qd7 17. Bxf4 
Nxf4 18. Bxc6 Nxc2+ 19. Kd2 B@c1+ 20. Kxc2 N@a1+ 21. Kb1 P@c2# 
{pminear checkmated} 0-1

[Event "fics rated crazyhouse match"]
[Site "fics, Oklahoma City, OK USA"]
[Date "2000.03.01"]
[White "Tecumseh"]
[WhiteElo "2296"]
[Black "pminear"]
[BlackElo "2412"]
[TimeControl "60+0"]
[Result "0-1"]

1. e4 e5 2. d4 Nc6 3. d5 Nd4 4. Be3 Bc5 5. c3 Nf6 6. cxd4 
exd4 7. Bg5 P@e3 8. N@h5 exf2+ 9. Kxf2 Nxe4+ 10. Ke2 Qxg5 
{Tecumseh resigns} 0-1

[Event "fics rated crazyhouse match"]
[Site "fics, Oklahoma City, OK USA"]
[Date "2000.03.01"]
[White "pminear"]
[WhiteElo "2417"]
[Black "Tecumseh"]
[BlackElo "2291"]
[TimeControl "60+0"]
[Result "1-0"]

1. e4 Nc6 2. d4 Nf6 3. e5 Nd5 4. Nf3 d6 5. Be2 Bg4 6. exd6 
cxd6 7. O-O e6 8. c4 Nf6 9. Nc3 Be7 10. d5 Ne5 11. Nxe5 Bxe2 
12. Qxe2 dxe5 13. dxe6 fxe6 14. B@h3 B@f7 15. P@d5 N@f4 16. Bxf4 exf4 17. dxe6 
Bg6 18. P@f7+ Kf8 19. N@e5 B@c6 20. Nxc6 bxc6 21. B@b7 Rb8 22. Bxc6 N@d4 
23. Qd1 Nxc6 24. Qxd8+ Rxd8 25. P@c7 Q@c8 26. cxd8=Q+ Qxd8 27. Rad1 B@d4 28. Nb5 
P@e2 29. Nxd4 exf1=Q+ 30. Rxf1 f3 31. Nxf3 Nd4 32. N@d7+ Nxd7 33. R@e8+ Qxe8 
34. fxe8=Q+ Bxe8 35. Nxd4 
{Tecumseh forfeits on time} 1-0

[Event "fics rated crazyhouse match"]
[Site "fics, Oklahoma City, OK USA"]
[Date "2000.03.01"]
[White "Tecumseh"]
[WhiteElo "2286"]
[Black "pminear"]
[BlackElo "2422"]
[TimeControl "60+0"]
[Result "0-1"]

1. e4 e5 2. d4 Nc6 3. dxe5 Nxe5 4. Nf3 Nxf3+ 5. gxf3 Nf6 6. Rg1 
Bc5 7. P@d4 Bf8 8. N@f5 P@g6 9. Nxg7+ Bxg7 10. P@h6 Bxh6 11. Bxh6 Nh5 
12. B@e5 f6 13. Bg3 P@g7 14. Be3 N@e6 15. d5 Nxg3 16. hxg3 B@h2 17. Rg2 
Bxg3 18. fxg3 P@d4 19. dxe6 dxe3 20. B@f7+ Kf8 21. Qe2 B@f2+ 22. Rxf2 exf2+ 
23. Qxf2 dxe6 24. Nc3 P@d2+ 25. Qxd2 Qxd2+ 26. Kxd2 Q@d4+ 27. Q@d3 N@c4+ 28. Ke1 
Qxd3 29. Bxd3 Q@d2+ 30. Kf1 Ne3# 
{Tecumseh resigns} 0-1

[Event "fics rated crazyhouse match"]
[Site "fics, Oklahoma City, OK USA"]
[Date "2000.03.01"]
[White "pminear"]
[WhiteElo "2427"]
[Black "Tecumseh"]
[BlackElo "2281"]
[TimeControl "60+0"]
[Result "1-0"]

1. e4 Nc6 2. d4 Nf6 3. Nc3 d5 4. exd5 Nxd5 5. Nf3 e6 6. Bb5 
Bb4 7. Bd2 Bxc3 8. bxc3 N@f4 9. B@f1 Bd7 10. P@e4 Nxg2+ 11. Bxg2 Nf6 
12. e5 Ne4 13. N@h5 Nxd2 14. Qxd2 B@h6 15. Qxh6 gxh6 16. B@g7 P@e3 17. fxe3 
Nxe5 18. Bxd7+ Qxd7 19. Nxe5 P@b2 20. Rd1 P@d2+ 21. Kxd2 B@c1+ 22. Ke2 Q@h4 
23. N@f6+ Kd8 24. Nexd7 Bxe3 25. P@e7+ Kxe7 26. N@g8+ Kd6 27. Q@c5# 
{Tecumseh checkmated} 1-0

[Event "fics rated crazyhouse match"]
[Site "fics, Oklahoma City, OK USA"]
[Date "2000.03.01"]
[White "Tecumseh"]
[WhiteElo "2276"]
[Black "pminear"]
[BlackElo "2432"]
[TimeControl "60+0"]
[Result "0-1"]

1. e4 e5 2. d3 Nc6 3. Nf3 Bc5 4. Be2 Nf6 5. Nc3 d5 6. O-O 
d4 7. Nd5 Nxd5 8. exd5 Qxd5 9. N@h5 Rg8 10. Ng5 P@e3 11. Bf3 exf2+ 
12. Rxf2 Qd8 13. Nxh7 P@e3 14. Rf1 Be7 15. Bxc6+ bxc6 16. P@g6 B@e6 17. gxf7+ 
Bxf7 18. N@f5 Bxf5 19. Rxf5 N@f2 20. Qf3 P@f6 21. Bxe3 dxe3 22. Qxe3 B@d4 
23. Qxd4 Qxd4 24. N5xf6+ gxf6 
{Tecumseh resigns} 0-1

[Event "fics rated crazyhouse match"]
[Site "fics, Oklahoma City, OK USA"]
[Date "2000.03.01"]
[White "pminear"]
[WhiteElo "2437"]
[Black "Tecumseh"]
[BlackElo "2271"]
[TimeControl "60+0"]
[Result "0-1"]

1. e4 Nc6 2. d4 Nf6 3. Nc3 d5 4. exd5 Nxd5 5. Nf3 e6 6. Bb5 
Bb4 7. Bd2 f5 8. Nxd5 exd5 9. Bxb4 P@d6 10. Qe2+ N@e4 11. B@a4 Bd7 
12. P@e6 Bxe6 13. Bxc6+ bxc6 14. Bxc6+ P@d7 15. Bxa8 Qxa8 16. N@g5 B@f7 17. Nxf7 
Bxf7 18. N@g5 Rf8 19. Nxf7 Rxf7 20. Ng5 B@g8 21. Nxf7 Bxf7 22. R@h8+ N@g8 
23. P@d3 N@f4 24. Qf3 Nxd3+ 25. cxd3 N@c2+ 26. Kf1 Nxb4 27. dxe4 dxe4 28. Qc3 
B@d3+ 29. Kg1 Nc2 30. Qxc7 Nxa1 31. R@b8+ Qxb8 32. Qxb8+ R@d8 33. N@c7+ Ke7 
34. N@d5+ Bxd5 35. Nxd5+ Kf7 36. B@h5+ P@g6 37. Bxg6+ Kxg6 38. Nf4+ Kg5 39. h4+ 
Kf6 40. Q@g5+ Kf7 41. B@g6+ hxg6 42. Qxg6+ Ke7 
{pminear forfeits on time} 0-1

[Event "fics rated crazyhouse match"]
[Site "fics, Oklahoma City, OK USA"]
[Date "2000.03.01"]
[White "Tecumseh"]
[WhiteElo "2283"]
[Black "pminear"]
[BlackElo "2425"]
[TimeControl "60+0"]
[Result "0-1"]

1. e4 e5 2. d4 exd4 3. Nf3 Bc5 4. Nxd4 Qf6 5. Nf5 d5 6. Qxd5 
Bxf5 7. Qxc5 Bxe4 8. Qxc7 Nc6 9. B@d7+ Kf8 10. Bxc6 Bxc6 11. N@g4 Qe6+ 
12. Be2 Bxg2 13. P@d7 N@f3+ 14. Kd1 B@b6 15. Qxb6 axb6 16. B@b4+ P@c5 17. Re1 
Qxd7+ 18. P@d3 Nxe1 19. Bxe1 P@f3 
{Tecumseh resigns} 0-1

[Event "fics rated crazyhouse match"]
[Site "fics, Oklahoma City, OK USA"]
[Date "2000.03.01"]
[White "pminear"]
[WhiteElo "2430"]
[Black "Tecumseh"]
[BlackElo "2278"]
[TimeControl "60+0"]
[Result "1-0"]

1. e4 Nc6 2. d4 Nf6 3. e5 Ne4 4. Nc3 d5 5. Nxe4 dxe4 6. Be3 
e6 7. Nh3 N@d5 8. Bb5 Bd7 9. Bxc6 Bxc6 10. O-O Nxe3 11. fxe3 h5 
12. N@g5 B@g4 13. Nxf7 Bxd1 14. Nxd8 B@g6 15. Nxe6 Bf3 16. Nxc7+ Kd7 17. Nxa8 
Bd6 18. exd6 Rxa8 19. Q@e7+ Kc8 20. Qc7# 
{Tecumseh checkmated} 1-0

[Event "fics rated crazyhouse match"]
[Site "fics, Oklahoma City, OK USA"]
[Date "2000.03.01"]
[White "Tecumseh"]
[WhiteElo "2273"]
[Black "pminear"]
[BlackElo "2435"]
[TimeControl "60+0"]
[Result "0-1"]

1. e4 e5 2. d4 exd4 3. h3 Bc5 4. a3 P@e3 5. fxe3 dxe3 6. Qg4 
P@f2+ 7. Ke2 fxg1=N+ 8. Rxg1 Qf6 9. Nc3 Qf2+ 10. Kd3 N@e5# 
{Tecumseh checkmated} 0-1

[Event "fics rated crazyhouse match"]
[Site "fics, Oklahoma City, OK USA"]
[Date "2000.03.01"]
[White "pminear"]
[WhiteElo "2440"]
[Black "Tecumseh"]
[BlackElo "2268"]
[TimeControl "60+0"]
[Result "1-0"]

1. e4 Nc6 2. d4 Nf6 3. Nc3 d5 4. exd5 Nxd5 5. Nf3 e6 6. Bb5 
Bd7 7. Bxc6 Bxc6 8. Nxd5 Bxd5 9. N@e3 P@g4 10. Ne5 B@c6 11. Nxd5 Bxd5 
12. P@d7+ Ke7 13. B@h4+ f6 14. N@g6+ hxg6 15. Nxg6+ Kxd7 16. Nxh8 Bxg2 17. Qxg4 
N@f3+ 18. Kd1 Bxh1 19. Bd2 N@g1 20. P@e2 R@f1+ 21. R@e1 Nxe1 22. Bxe1 Rxe1+ 
23. Kxe1 N@g2+ 24. Kd2 B@a5+ 25. c3 Kc8 26. Qxe6+ P@d7 27. Qb3 P@e3+ 28. fxe3 
Nf3+ 29. exf3 Nxe3 30. Kxe3 R@e2+ 31. Kxe2 P@d3+ 32. Kd2 Bxf3 33. Qxb7+ Bxb7 
34. N@d6+ Bxd6 35. Kxd3 
{Tecumseh forfeits on time} 1-0

[Event "fics rated crazyhouse match"]
[Site "fics, Oklahoma City, OK USA"]
[Date "2000.03.01"]
[White "pminear"]
[WhiteElo "2448"]
[Black "Tecumseh"]
[BlackElo "2260"]
[TimeControl "60+0"]
[Result "1-0"]

1. e4 Nc6 2. d4 Nf6 3. Nc3 d5 4. exd5 Nxd5 5. Nf3 e6 6. Nxd5 
exd5 7. Bb5 Bg4 8. N@e5 Bd7 9. Nxd7 Qxd7 10. Bxc6 bxc6 11. Ne5 B@a5+ 
12. B@d2 N@h4 13. Rg1 Qe6 14. Bxa5 Bd6 15. B@d7+ Qxd7 16. Nxd7 Kxd7 17. Qg4+ 
N@f5 18. P@e5 Rhe8 19. Be3 B@b4+ 20. Bxb4 Bxb4+ 21. B@c3 Bxc3+ 22. bxc3 B@a3 
23. B@c1 B@f8 24. Bxa3 Bxa3 25. B@b4 Bxb4 26. cxb4 B@c3+ 27. B@d2 Bxd2+ 28. Bxd2 
B@f8 29. N@c5+ Bxc5 30. bxc5 P@b2 31. Rd1 N@a3 32. e6+ Rxe6+ 33. B@e5 Nxc2+ 
34. Kf1 B@d3+ 35. B@e2 Bxe2+ 36. Qxe2 B@c4 37. f4 
{Tecumseh forfeits on time} 1-0

[Event "fics rated crazyhouse match"]
[Site "fics, Oklahoma City, OK USA"]
[Date "2000.03.01"]
[White "Tecumseh"]
[WhiteElo "2256"]
[Black "pminear"]
[BlackElo "2452"]
[TimeControl "60+0"]
[Result "0-1"]

1. e4 e5 2. d4 exd4 3. Nf3 Nc6 4. Bb5 P@e3 5. fxe3 dxe3 6. Bxe3 
Nf6 7. e5 Ng4 8. Bxc6 dxc6 9. Qxd8+ Kxd8 10. Bg5+ P@f6 11. Q@d4+ Q@d5 
12. Qxd5+ cxd5 13. O-O fxg5 14. Nxg5 B@e3+ 15. P@f2 Bxg5 16. Nc3 Nxe5 17. Nxd5 
N@h3+ 18. gxh3 Nf3+ 19. Kh1 P@g2+ 20. Kxg2 Nh4+ 21. Kg3 Q@f3# 
{Tecumseh checkmated} 0-1

[Event "fics rated crazyhouse match"]
[Site "fics, Oklahoma City, OK USA"]
[Date "2000.03.01"]
[White "pminear"]
[WhiteElo "2456"]
[Black "Tecumseh"]
[BlackElo "2252"]
[TimeControl "60+0"]
[Result "0-1"]

1. e4 Nc6 2. d4 Nf6 3. Nc3 d5 4. exd5 Nxd5 5. Nf3 e6 6. Bb5 
Be7 7. Nxd5 exd5 8. Ne5 O-O 9. Bxc6 bxc6 10. Nxc6 Qd6 11. Nxe7+ Qxe7+ 
12. P@e5 N@h4 13. B@f1 B@e4 14. f3 Bxf3 15. gxf3 P@g2 16. Bxg2 Nxg2+ 17. Kf2 
B@h3 18. B@g3 P@g4 19. P@h6 gxf3 20. Qxf3 N@e4+ 21. Kf1 Ne3+ 22. Ke2 Bcg4 
23. Kxe3 Bxf3 24. hxg7 Q@e2+ 25. Kf4 Qg5# 
{pminear checkmated} 0-1

[Event "fics rated crazyhouse match"]
[Site "fics, Oklahoma City, OK USA"]
[Date "2000.03.01"]
[White "Tecumseh"]
[WhiteElo "2264"]
[Black "pminear"]
[BlackElo "2444"]
[TimeControl "60+0"]
[Result "1-0"]

1. e4 e5 2. Nf3 Nc6 3. Nc3 Bc5 4. Bc4 Nf6 5. d3 d6 6. Bg5 
Bg4 7. Nd5 Rg8 8. Bxf6 gxf6 9. N@h6 Bxf3 10. Qxf3 N@h4 11. Qh5 Nxg2+ 
12. Kd1 Rg6 13. Ne3 Bxe3 14. Bxf7+ Ke7 15. Nf5+ Kxf7 16. Qxh7+ B@g7 17. P@e6+ 
Kxe6 18. P@d5+ Kf7 19. B@e6+ Ke8 20. Qg8+ B@f8 21. Qf7# 
{pminear checkmated} 1-0

[Event "fics rated crazyhouse match"]
[Site "fics, Oklahoma City, OK USA"]
[Date "2000.03.01"]
[White "pminear"]
[WhiteElo "2432"]
[Black "Tecumseh"]
[BlackElo "2276"]
[TimeControl "60+0"]
[Result "1-0"]

1. e4 Nc6 2. d4 Nf6 3. Nc3 d5 4. exd5 Nxd5 5. Nf3 e6 6. Bb5 
Be7 7. Ne5 P@d7 8. Nxd5 exd5 9. N@f5 Bf6 10. Bxc6 dxc6 11. Ne3 B@f4 
12. N@h5 B4xe5 13. dxe5 Bxe5 14. P@d4 P@f4 15. dxe5 fxe3 16. Nxg7+ Kf8 17. Bxe3 
N@g4 18. P@f6 Nxf6 19. exf6 Qxf6 20. B@c3 P@e5 21. B@h6 Ke7 22. Beg5 N@e4 
23. Bxf6+ Nxf6 24. N@f5+ Kd7 25. Q@e7# 
{Tecumseh checkmated} 1-0

[Event "fics rated crazyhouse match"]
[Site "fics, Oklahoma City, OK USA"]
[Date "2000.03.01"]
[White "Tecumseh"]
[WhiteElo "2271"]
[Black "pminear"]
[BlackElo "2437"]
[TimeControl "60+0"]
[Result "0-1"]

1. e4 e5 2. Nf3 Nc6 3. Nc3 Bc5 4. Be2 Nf6 5. d3 d5 6. exd5 
Nxd5 7. Nxd5 Qxd5 8. P@e4 Qd8 9. N@f5 Bxf5 10. exf5 N@g4 11. O-O Nxf2 
12. Rxf2 Bxf2+ 13. Kxf2 P@e3+ 14. Kxe3 N@g4+ 15. Kd2 P@e3+ 16. Ke1 R@h1+ 17. B@f1 
Nxh2 18. B@g3 P@f2+ 19. Bxf2 exf2+ 20. Kxf2 Ng4+ 21. Ke1 B@f2+ 22. Kd2 Be3+ 
23. Ke1 Rxf1+ 24. Bxf1 B@f2+ 25. Ke2 Nd4+ 26. Nxd4 Qxd4 27. R@f3 N@g1# 
{Tecumseh checkmated} 0-1

[Event "fics rated crazyhouse match"]
[Site "fics, Oklahoma City, OK USA"]
[Date "2000.03.01"]
[White "pminear"]
[WhiteElo "2441"]
[Black "Tecumseh"]
[BlackElo "2267"]
[TimeControl "60+0"]
[Result "1-0"]

1. e4 Nc6 2. d4 Nf6 3. e5 Ne4 4. Nc3 d5 5. exd6 Nxd6 6. Nf3 
Bg4 7. Be2 e6 8. Be3 Nf5 9. Ne5 Bxe2 10. Qxe2 Ncxd4 11. P@d7+ Qxd7 
12. Nxd7 Nxe2 13. Nxe2 Nxe3 14. fxe3 B@h4+ 15. B@g3 Bxg3+ 16. Nxg3 P@d2+ 17. Kxd2 
Q@d6+ 18. B@d3 Qxd7 19. N@e5 B@a5+ 20. P@c3 Qe7 21. Bb5+ P@c6 22. Bxc6+ bxc6 
23. P@d7+ Qxd7+ 24. Nxd7 N@c4+ 25. Ke2 Kxd7 26. Rad1+ P@d2 27. Q@d3+ P@d5 28. Qxc4 
dxc4 29. N@e5+ Kd6 30. Q@d7+ Kxe5 31. N@f3+ Kf6 32. Ne4# 
{Tecumseh forfeits on time} 1-0

[Event "fics rated crazyhouse match"]
[Site "fics, Oklahoma City, OK USA"]
[Date "2000.03.01"]
[White "Tecumseh"]
[WhiteElo "2263"]
[Black "pminear"]
[BlackElo "2445"]
[TimeControl "60+0"]
[Result "1-0"]

1. e4 e5 2. d4 exd4 3. Qxd4 Nc6 4. Qa4 Nf6 5. Nf3 Bc5 6. P@d4 
Bb4+ 7. Bd2 Bxd2+ 8. Nbxd2 P@g4 9. Ne5 B@h6 10. B@e3 Bxe3 11. fxe3 O-O 
12. Nxc6 dxc6 13. B@f2 b5 14. Qa3 B@e7 15. N@c5 Rb8 16. Be2 b4 17. Qd3 
Bxc5 18. dxc5 Qxd3 19. Bxd3 N@e5 20. B@e7 Nxd3+ 21. cxd3 N@c2+ 22. Ke2 B@h5 
23. Bxf6 g3+ 24. N@f3 gxf6 25. N@h6+ Kh8 26. Bxg3 Q@g7 27. Nf5 Bxf5 28. exf5 
Bxf3+ 29. gxf3 N@d4+ 30. exd4 Nxd4+ 31. Kf2 P@e3+ 32. Kxe3 Nc2+ 33. Kf2 B@d4+ 
34. Ke2 Nxa1 35. B@f4 Rbe8+ 36. P@e4 Rxe4+ 37. fxe4 R@f2+ 38. Kd1 P@f3 39. Kc1 
{pminear forfeits on time} 1-0

[Event "fics rated crazyhouse match"]
[Site "fics, Oklahoma City, OK USA"]
[Date "2000.03.01"]
[White "pminear"]
[WhiteElo "2433"]
[Black "Tecumseh"]
[BlackElo "2275"]
[TimeControl "60+0"]
[Result "1-0"]

1. e4 Nc6 2. Nc3 Nf6 3. d4 d5 4. exd5 Nxd5 5. Nf3 e6 6. Bb5 
Be7 7. Ne5 P@d7 8. Nxd5 exd5 9. N@h5 Bf6 10. P@g5 Nxe5 11. gxf6 gxf6 
12. dxe5 Qe7 13. Nxf6+ Kd8 14. Nxd5 Qxe5+ 15. B@e3 Re8 16. P@e7+ Rxe7 17. Nxe7 
Qxe7 18. N@d5 
{Tecumseh resigns} 1-0

[Event "fics rated crazyhouse match"]
[Site "fics, Oklahoma City, OK USA"]
[Date "2000.03.01"]
[White "Tecumseh"]
[WhiteElo "2270"]
[Black "pminear"]
[BlackElo "2438"]
[TimeControl "60+0"]
[Result "0-1"]

1. e4 e5 2. d4 Nc6 3. dxe5 Nxe5 4. Nf3 Nxf3+ 5. gxf3 Nf6 6. Rg1 
d5 7. Nc3 d4 8. Nb5 Bc5 9. Bg5 P@e3 10. fxe3 dxe3 11. Qxd8+ Kxd8 
12. Bxe3 Bxe3 13. P@e7+ Kxe7 14. Q@a3+ B@c5 15. P@d6+ cxd6 
{Tecumseh resigns} 0-1

[Event "fics rated crazyhouse match"]
[Site "fics, Oklahoma City, OK USA"]
[Date "2000.03.01"]
[White "pminear"]
[WhiteElo "2442"]
[Black "Tecumseh"]
[BlackElo "2266"]
[TimeControl "60+0"]
[Result "1-0"]

1. e4 Nc6 2. Nc3 Nf6 3. d4 d6 4. Nf3 e6 5. d5 exd5 6. exd5 
Ne5 7. Nxe5 dxe5 8. Bb5+ P@d7 9. O-O Be7 10. N@f5 Rg8 11. Re1 c6 
12. d6 cxb5 13. dxe7 Qxe7 14. Nxe7 B@c5 15. Nxg8 
{Tecumseh resigns} 1-0

[Event "fics rated crazyhouse match"]
[Site "fics, Oklahoma City, OK USA"]
[Date "2000.03.01"]
[White "Flesh"]
[WhiteElo "2300"]
[Black "RubberDuck"]
[BlackElo "2196"]
[TimeControl "60+0"]
[Result "0-1"]

1. e4 e6 2. d4 d5 3. e5 Ne7 4. Bg5 Qd7 5. Bxe7 Bxe7 6. Nf3 
Rg8 7. Nc3 B@f5 8. Bb5 c6 9. Bd3 Bxd3 10. cxd3 B@c7 11. B@d6 Bcxd6 
12. exd6 Bxd6 13. B@e5 Bxe5 14. dxe5 B@b4 15. B@d6 Bxc3+ 16. bxc3 B@b6 17. N@c7+ 
Bxc7 18. Bxc7 N@f4 19. Bxb8 Rxb8 20. N@d6+ Kd8 21. Nxc8 P@e2 
{Flesh forfeits on time} 0-1

[Event "fics rated crazyhouse match"]
[Site "fics, Oklahoma City, OK USA"]
[Date "2000.03.01"]
[White "Olaudah"]
[WhiteElo "2185"]
[Black "MrCool"]
[BlackElo "2296"]
[TimeControl "180+0"]
[Result "0-1"]

1. e4 e6 2. Nc3 d6 3. Nf3 Nf6 4. d4 Nc6 5. Bd3 Be7 6. O-O 
O-O 7. e5 Nd5 8. Nxd5 exd5 9. Bf4 dxe5 10. Bxh7+ Kxh7 11. dxe5 B@g4 
12. N@g5+ Kh8 13. P@g6 fxg6 14. e6 Bcxe6 15. Nxe6 Bxe6 16. P@h6 Rxf4 17. hxg7+ 
Kxg7 18. P@b5 Nb8 19. B@e5+ Rf6 20. Ng5 Bf5 21. Bxf6+ Bxf6 22. R@h7+ Kg8 
23. Nf7 Kxh7 24. Nxd8 Bxd8 25. Qxd5 N@e2+ 26. Kh1 R@d7 27. Q@g8+ Kh6 28. Qxd7 
Nxd7 29. R@h8+ Kg5 30. Qd5 N@f4 31. P@h4+ Kf6 32. Rf8+ Ke7 
{Olaudah forfeits on time} 0-1

[Event "fics rated crazyhouse match"]
[Site "fics, Oklahoma City, OK USA"]
[Date "2000.03.01"]
[White "MrCool"]
[WhiteElo "2303"]
[Black "Olaudah"]
[BlackElo "2179"]
[TimeControl "180+0"]
[Result "1-0"]

1. Nf3 Nc6 2. e4 e5 3. Bc4 Nf6 4. Ng5 d5 5. exd5 Nd4 6. Nc3 
Be7 7. P@e3 Nf5 8. Nxf7 Kxf7 9. d6+ N@e6 10. Bxe6+ Bxe6 11. N@g5+ Kg8 
12. dxe7 Qxe7 13. Nxe6 Qxe6 14. B@b3 P@d5 15. P@e4 Nh4 16. Rg1 B@g4 17. B@e2 
Bxe2 18. Qxe2 B@g4 19. f3 Bxf3 20. gxf3 Qh3 21. B@g2 Qxh2 22. Qf1 N@g5 
23. Nxd5 Ngxf3+ 24. Bxf3 Nxf3+ 25. Qxf3 Qxg1+ 26. Ke2 B@d1+ 27. Kd3 Bxf3 28. Nxf6+ 
Kf8 29. N@d7+ Ke7 30. N@d5+ Kd8 31. N@e6+ Kc8 32. Ne7# 
{Olaudah checkmated} 1-0

[Event "fics rated crazyhouse match"]
[Site "fics, Oklahoma City, OK USA"]
[Date "2000.03.01"]
[White "Olaudah"]
[WhiteElo "2174"]
[Black "MrCool"]
[BlackElo "2309"]
[TimeControl "180+0"]
[Result "0-1"]

1. e4 e6 2. Nc3 Nf6 3. Nf3 d5 4. exd5 exd5 5. d4 Bb4 6. Bg5 
P@a3 7. P@d2 axb2 8. Rb1 Bxc3 9. dxc3 N@e4 10. B@b4 Nc6 11. Bd3 Nxb4 
12. Bxe4 dxe4 13. Ne5 Nbd5 14. O-O B@g4 15. Nxg4 Bxg4 16. Qxg4 Nxg4 17. B@b5+ 
P@c6 18. Bxd8 Rxd8 19. N@f5 B@f6 20. B@h5 N@h6 21. Nxh6 Nxh6 22. Bc4 O-O 
23. N@g4 Nxg4 24. Bxg4 B@e6 25. Bxd5 cxd5 26. N@h5 B@g5 27. N@f5 Bxf5 28. Bxf5 
N@e2+ 29. Kh1 N@h4 30. B@h3 N@f4 31. Nxf4 Nxf4 32. N@e3 N@d2 33. Rbd1 Nxf1 
34. Rxf1 R@c1 35. N@e1 b1=Q 36. g3 Rxe1 37. gxf4 Rxf1+ 38. Nxf1 R@g1+ 39. Kxg1 
N@f3+ 40. Kh1 Q@g1# 
{Olaudah checkmated} 0-1

[Event "fics rated crazyhouse match"]
[Site "fics, Oklahoma City, OK USA"]
[Date "2000.03.02"]
[White "Tecumseh"]
[WhiteElo "2262"]
[Black "pminear"]
[BlackElo "2446"]
[TimeControl "60+0"]
[Result "1-0"]

1. e4 e5 2. d3 Nc6 3. Be2 Bc5 4. Nf3 Nf6 5. Nc3 d5 6. exd5 
Nxd5 7. Nxd5 Qxd5 8. N@h5 Rg8 9. Bg5 P@e7 10. P@h6 gxh6 11. Bxh6 Rxg2 
12. Ng7+ Kd8 13. P@e4 Bxf2+ 14. Kf1 Qd7 15. Kxg2 Qh3+ 16. Kxf2 N@g4+ 17. Ke1 
P@f2+ 18. Kd2 Qxh6+ 19. B@g5 B@e3+ 20. Kc3 P@d4+ 21. Kb3 Be6+ 22. c4 Bxg5 
23. R@e8+ Kd7 24. Rxa8 Na5+ 25. Kc2 Qxg7 26. R@d8+ Kc6 27. Nxe5+ Nxe5 28. P@d5+ 
Kb6 29. dxe6 N@b4+ 30. Kb1 P@c2+ 31. Qxc2 Nxc2 32. c5+ Kxc5 33. P@b4+ Nxb4 
34. Rc1+ N@c3+ 35. Rxc3+ dxc3 36. N@a4+ Kb5 37. d4+ P@c4 38. Bxc4+ Nexc4 39. Nxc3+ 
Ka6 40. B@b5+ Kb6 41. P@c5# 
{pminear checkmated} 1-0

[Event "fics rated crazyhouse match"]
[Site "fics, Oklahoma City, OK USA"]
[Date "2000.03.02"]
[White "pminear"]
[WhiteElo "2434"]
[Black "Tecumseh"]
[BlackElo "2274"]
[TimeControl "60+0"]
[Result "0-1"]

1. e4 Nc6 2. Nc3 Nf6 3. d4 d5 4. exd5 Nxd5 5. Nf3 e6 6. Bb5 
Be7 7. Ne5 Bd7 8. Nxd7 Qxd7 9. Bxc6 Qxc6 10. B@b5 Nxc3 11. Bxc6+ bxc6 
12. bxc3 Rd8 13. N@e5 N@h4 14. Rg1 P@f6 15. Nxc6 B@d5 16. Nxd8 Bxg2 17. P@d7+ 
Kxd7 18. P@c6+ Bxc6 19. Nxc6 N@f3+ 20. Kf1 Nxh2+ 21. Ke2 B@f3+ 22. Kd2 Bxc6 
{pminear forfeits on time} 0-1

[Event "fics rated crazyhouse match"]
[Site "fics, Oklahoma City, OK USA"]
[Date "2000.03.02"]
[White "Tecumseh"]
[WhiteElo "2285"]
[Black "pminear"]
[BlackElo "2423"]
[TimeControl "60+0"]
[Result "0-1"]

1. e4 e5 2. d3 Nc6 3. Be2 Bc5 4. Nf3 Nf6 5. Nc3 d5 6. exd5 
Nxd5 7. Nxd5 Qxd5 8. N@h5 Rg8 9. Bh6 Bf8 10. P@f6 gxh6 11. d4 exd4 
12. Nxd4 Nxd4 13. P@g7 Bb4+ 14. c3 N@c2+ 15. Kf1 P@h3 16. Rg1 hxg2+ 17. Rxg2 
B@h3 18. Bf3 P@e2+ 19. Qxe2+ Nxe2 20. Bxd5 Bxg2+ 21. Bxg2 R@g1+ 22. Kxe2 N@d4+ 
23. cxd4 Nxd4+ 24. Ke3 Q@e2+ 25. Kxd4 P@c5+ 26. Kd5 Be6# 
{Tecumseh checkmated} 0-1

[Event "fics rated crazyhouse match"]
[Site "fics, Oklahoma City, OK USA"]
[Date "2000.03.02"]
[White "pminear"]
[WhiteElo "2428"]
[Black "Tecumseh"]
[BlackElo "2280"]
[TimeControl "60+0"]
[Result "1-0"]

1. e4 Nc6 2. Nc3 Nf6 3. d4 d5 4. exd5 Nxd5 5. Nf3 e6 6. Bb5 
Bd7 7. Nxd5 exd5 8. Bxc6 bxc6 9. N@e5 Bd6 10. Nxd7 Qxd7 11. N@e5 Qe7 
12. B@d7+ Kf8 13. Bxc6 B@a5+ 14. P@c3 P@e4 15. Bxa8 exf3 16. Qxf3 Bxe5 17. dxe5 
Qxe5+ 18. P@e3 N@g5 19. Qxd5 Qxd5 20. Bxd5 Q@e8 21. B@a3+ P@d6 22. P@f6 gxf6 
23. P@g7+ Kxg7 24. h4 N@f4 25. Q@g4 Nxd5 26. hxg5 Bxc3+ 27. bxc3 B@g6 28. B@h6+ 
Kg8 29. R@g7+ Kf8 30. Rxg6+ Ke7 31. gxf6+ Kd8 32. P@e7+ Nxe7 33. N@b7# 
{Tecumseh checkmated} 1-0

[Event "fics rated crazyhouse match"]
[Site "fics, Oklahoma City, OK USA"]
[Date "2000.03.02"]
[White "Tecumseh"]
[WhiteElo "2275"]
[Black "pminear"]
[BlackElo "2433"]
[TimeControl "60+0"]
[Result "1-0"]

1. e4 e5 2. d3 Nc6 3. Nf3 Bc5 4. Nc3 Nf6 5. Be2 d6 6. O-O 
Bg4 7. Bg5 h6 8. Bh4 g5 9. Nxg5 Bxe2 10. Nxf7 Kxf7 11. Qxe2 Nd4 
12. B@c4+ B@e6 13. Bxe6+ Kxe6 14. B@f5+ Kf7 15. P@e6+ Kf8 16. Qh5 Nxh5 17. Bxd8 
N@e2+ 18. Kh1 Q@g7 19. Q@f7+ Qxf7 20. exf7 Rxd8 21. P@g7+ Nxg7 22. Nd5 Ngxf5 
23. Q@f6 Neg3+ 24. hxg3 Nxg3+ 25. fxg3 Q@h5+ 26. N@h2 Qxh2+ 27. Kxh2 N@g4+ 28. Kh1 
{pminear forfeits on time} 1-0